 Dungeon Crawl Stone Soup version 0.18-a0-1203-gbde16db (console) character file.

81 utis the Twirler (level 4, -4/25 HPs)
             Began as a Deep Elf Gladiator on Jan 31, 2016.
             Slain by an orc wizard
             ... wielding a +2 dagger of electrocution
              (19 damage)
             ... on level 3 of the Dungeon.
             The game lasted 00:07:02 (2735 turns).

utis the Twirler (Deep Elf Gladiator)               Turns: 2735, Time: 00:07:02

Health: -4/25      AC:  9    Str: 12    XL:     4   Next: 20%
Magic:  6/6        EV: 12    Int: 14    God:
Gold:   124        SH:  0    Dex: 15    Spells: 0 memorised, 3 levels left

rFire  . . .     SeeInvis .     a - +0 quarterstaff
rCold  . . .     Gourm    .     h - +0 ring mail
rNeg   . . .     Faith    .     (shield currently unavailable)
rPois  .         Spirit   .     c - +0 helmet
rElec  .         Dismiss  .     q - +0 cloak
rCorr  .         Reflect  .     (no gloves)
SustAt .         Harm     .     (no boots)
MR     .....                    t - amulet of magic regeneration
Stlth  +.........               (no ring)
                                v - +2 ring of protection

@: not resistant to hostile enchantments, very unstealthy
A: no striking features
a: no special abilities


You were on level 3 of the Dungeon.
You were not hungry.

You visited 1 branch of the dungeon, and saw 3 of its levels.

You collected 124 gold pieces.

Inventory:

Hand Weapons
 a - a +0 quarterstaff (weapon)
 b - a +0 hunting sling
Missiles
 d - 3 throwing nets {=f}
 g - 104 stones (quivered)
Armour
 c - a +0 helmet (worn)
 h - a +0 ring mail (worn)
 q - a +0 cloak (worn)
 x - a +0 leather armour
 y - a +0 chain mail
Jewellery
 t - an amulet of magic regeneration (around neck)
 v - a +2 ring of protection (left hand)
Scrolls
 e - a scroll of magic mapping {unknown}
 j - a scroll of fog
 m - a scroll of enchant weapon {unknown}
 o - a scroll of identify
 r - a scroll of enchant armour {unknown}
 s - a scroll of remove curse {unknown}
 u - a scroll of fear {unknown}
 w - a scroll of noise {unknown}
Potions
 i - 2 potions of resistance
 p - a potion of might
Comestibles
 f - 3 bread rations
 k - 2 meat rations
 l - 2 fruits


   Skills:
 - Level 1.5 Fighting
 - Level 5.0 Staves
 - Level 2.0 Throwing
 + Level 0.0 Armour
 * Level 3.7 Dodging


You had 3 spell levels left.
You didn't know any spells.

Dungeon Overview and Level Annotations

Branches:
Dungeon (3/15)

Altars:
Gozag
The Shining One


Message History

You are electrocuted!
You hit the orc wizard.
The orc wizard is moderately wounded.
The orc wizard hits you with a dagger of electrocution.
You are too injured to fight recklessly!
You are too injured to fight recklessly!
You are too injured to fight recklessly!
You are too injured to fight recklessly!
You closely miss the orc wizard.
The orc wizard is moderately wounded.
The orc wizard completely misses you.
You hit the orc wizard.
The orc wizard is severely wounded.
The orc wizard hits you but does no damage.
You miss the orc wizard.
The orc wizard is heavily wounded.
The orc wizard hits you but does no damage.
You are electrocuted!
Ouch! That really hurt!
You die...

▓▓▓▓▓▓▓▓▓▓▓▓▓▓
▓..........).▓
▓+▓▓▓▓▓▓▓▓▓▓.▓ ▓.▓
▓.▓ ▓▓▓▓▓▓▓e▓▓▓▓▓
......o.....▓
▓▓▓▓▓▓▓.▓▓▓.▓▓▓▓
...............▓
▓.▓▓▓▓▓.▓▓▓..▓.▓▓▓▓▓
...............
▓▓.▓▓▓▓...▓▓▓.▓ ...
..o.... ...
......▓▓.▓


You could see an orc wizard.

Vanquished Creatures
  2 adders
  An ooze (D:2)
  2 worms (D:2)
  2 orcs (D:3)
  3 ball pythons
  6 giant cockroaches
  5 goblins
  A hobgoblin (D:1)
  4 jackals (D:1)
  7 kobolds
  4 bats
  5 giant newts
  9 rats
51 creatures vanquished.

Notes
Turn   | Place    | Note
--------------------------------------------------------------
     0 | D:1      | utis the Deep Elf Gladiator began the quest for the Orb.
     0 | D:1      | Reached XP level 1. HP: 12/12 MP: 3/3
   415 | D:1      | Reached XP level 2. HP: 13/16 MP: 4/4
   964 | D:1      | Reached skill level 4 in Staves
  1403 | D:2      | Reached XP level 3. HP: 17/20 MP: 5/5
  2073 | D:2      | Found an opulent altar of Gozag.
  2385 | D:3      | Found a glowing golden altar of the Shining One.
  2429 | D:3      | Reached skill level 5 in Staves
  2429 | D:3      | Reached XP level 4. HP: 17/25 MP: 6/6
  2735 | D:3      | Slain by an orc wizard

Vault maps used:
D:1:      dpeg_arrival_stone_temple_mockup, minmay_misc_feat_plants
D:2:      serial_bayou, serial_bayou_lagoon_a, serial_bayou_shore_b,
          serial_bayou_crossing, serial_bayou_pond_c, serial_bayou_pond_a,
          nicolae_gozag_seed_capital
D:3:      tso_metal_star, first_bread, serial_glass, glass_columns_b,
          glass_columns_a, glass_columns_c, glass_columns_b, uniq_grinder,
          uniq_natasha

Action                   |  1- 3 |  4- 6 || total
-------------------------+-------+-------++-------
Melee: Quarterstaff      |   143 |    20 ||   163
Throw: Stone             |    32 |     1 ||    33
  Use: Scroll            |     5 |       ||     5
 Stab: Sleeping          |     1 |       ||     1
  Eat: Chunk             |     5 |     1 ||     6
